AoeStats
← All Conquistadors Are BSTRD

Arabian Desert

510572193Analyzed
1v1 RM · 10h ago on Oct 1, 2026· 30m 26s· 2 players
Game mode
Random Map
Map size
Tiny (2 player)
Population
200
Speed
Normal
Resources
Standard
Victory
Conquest
Starting age
Dark Age
Ending age
Imperial Age
RankedLock teamsTeams togetherTeam positionsShared explorationLock speedFull tech treeHidden civsTurbo modeCheats
Victory
Defeat
🇺🇸 Spanish · United States
1214
+17
1231
-17
rmizoguchi2
8:02 Loom
10:32 Feudal Age
14:41 Double-Bit Axe
21:25 Bloodlines
23:24 Castle Age
21:44 Horse Collar
23:11 Bloodlines
23:07 Scale Barding Armor
23:12 Forging
23:40 Forging
23:34 Fletching
23:49 Gold Mining
25:47 Bow Saw
26:50 Heavy Plow
27:31 Husbandry
29:37 Chain Barding Armor
31:31 Wheelbarrow
All Conquistadors Are BSTRD
7:38 Loom
9:36 Feudal Age
9:53 Man-at-Arms
11:40 Wheelbarrow
16:44 Fletching
17:11 Horse Collar
19:56 Double-Bit Axe
20:51 Town Watch
27:57 Castle Age
26:42 Gold Mining
27:00 Scale Barding Armor
27:06 Forging
27:36 Scale Mail Armor
28:53 Thumb Ring
28:15 Crossbowman
29:06 Pikeman
Connection lost

Rejoining the realm…

Still unreachable

The connection could not be restored.

Session expired

The server has moved on; the page needs a fresh start.